 Dungeon Crawl Stone Soup version 0.30.0-5-g1a98f26d00 (webtiles) character file.

Game seed: 9661762581324659419

81 Pimp the Trooper (level 4, -5/33 (41) HPs)
             Began as a Hill Orc Fighter on May 8, 2023.
             Slain by Edmund
             ... wielding a +2 flail of draining
              (10 damage)
             ... on level 4 of the Dungeon.
             The game lasted 00:04:08 (1658 turns).

Pimp the Trooper (Hill Orc Fighter)                 Turns: 1658, Time: 00:04:08

HP:   -5/33 (41)    AC:  9    Str: 18    XL:     4   Next: 42%
MP:   3/3           EV:  7    Int: 10    God:
Gold: 89            SH:  9    Dex: 10    Spells: 3/3 levels left

rFire   . . .        a - +0 war axe
rCold   . . .        c - +0 buckler
rNeg    . . .        n - +0 chain mail
rPois   .            (helmet restricted)
rElec   .            (no cloak)
rCorr   .            (no gloves)
SInv    .            (no boots)
Will    .....        e - amulet of reflection Stlth
                     (no ring)
HPRegen 0.25/turn    (no ring)
MPRegen 0.08/turn

%: reflection, clarity
@: mighty, attractive, heavily drained
A: horns 1, clarity, low MP 1
a: no special abilities


You were on level 4 of the Dungeon.
You visited 1 branch of the dungeon, and saw 3 of its levels.

You collected 89 gold pieces.

Inventory:

Hand Weapons
 a - a +0 war axe (weapon)
Armour
 b - a +0 scale mail
 c - a +0 buckler (worn)
 l - a +0 helmet
 n - a +0 chain mail (worn)
Jewellery
 e - an amulet of reflection (around neck)
Scrolls
 h - a scroll of teleportation {unknown}
 j - a scroll of vulnerability {unknown}
 k - a scroll of poison {unknown}
 p - 2 scrolls of identify {unknown}
Potions
 d - a potion of might
 g - a potion of mutation
 i - a potion of heal wounds {unknown}
 m - a potion of curing {unknown}
 o - a potion of flight {unknown}


   Skills:
 + Level 4.4 Fighting
 + Level 3.6 Axes
 + Level 4.0 Armour
 + Level 4.0 Shields


You had 3 spell levels left.
You didn't know any spells.
Your spell library contained the following spells:

 Spells                   Type           Power      Damage    Failure   Level
 Magic Dart               Conj           0%         1d3       99%         1
 Call Imp                 Summ           0%         N/A       100%        2
 Mephitic Cloud           Conj/Pois/Air  0%         N/A       100%        3
 Portal Projectile        Hex/Tloc       0%         N/A       100%        3
 Tukima's Dance           Hex            0%         N/A       100%        3
 Blade Hands              Tmut           0%         N/A       100%        5


Dungeon Overview and Level Annotations

Branches:
Dungeon (2/15)

Altars:

Annotations:
D:4 Edmund, Menkaure


Innate Abilities, Weirdness & Mutations

You have a pair of small horns on your head.
You possess an exceptional clarity of mind.
Your magical capacity is low. (-10% MP)


Message History

The jackal bites you but does no damage.
You block Menkaure's attack.
Edmund hits you with a +2 flail of draining.
You feel drained. The jackal bites you.
You barely miss Menkaure.
Menkaure is heavily damaged.
You hit the jackal.
You kill the jackal!
You hit Edmund. You block Edmund's attack. Menkaure closely misses you.
Edmund hits you with a +2 flail of draining.
You feel drained.
You hit Menkaure.
Menkaure is severely damaged.
You hit Edmund but do no damage. You block Edmund's attack.
Edmund hits you with a +2 flail of draining.
You feel drained.
Menkaure mumbles in an indecipherable tongue.
Menkaure hits you.
You feel very mighty all of a sudden.
Edmund hits you with a +2 flail of draining.
You feel drained. Menkaure hits you but does no damage.
You block Edmund's attack.
You slash Menkaure!
Menkaure is almost destroyed.
You hit Edmund. Edmund hits you but does no damage.
You feel drained. You block Menkaure's attack.
Edmund hits you with a +2 flail of draining.
* * * LOW HITPOINT WARNING * * *
You feel drained.
* * * LOW HITPOINT WARNING * * *
It was a potion of mutation.
You feel extremely strange.
You feel less energetic.
Your thoughts seem clearer.
A pair of horns grows on your head!
Your +0 helmet falls away!
You block Edmund's attack. You block Menkaure's attack.
It was a potion of attraction.
You feel attractive to monsters. You block Edmund's attack.
Edmund hits you with a +2 flail of draining!
You die...

.....# # ...... ..###.
## ..... ......##..
...### .........# ~~~≈≈≈
.###......... ###...# .
...........##..@.##...
.##.#...........@Mh....#
....#.###.###....##..###
.......#......##..# .#
..........##...#.....
......#..####..#.....#
..........###.........#
......#....##..##.###..
.....###..##.... ..# #.
....## #### #..## .


You could see Edmund (berserk), Menkaure and a jackal.

Vanquished Creatures
  A gnoll (D:1)
  An adder (D:2)
  3 worms (D:2)
  2 endoplasms (D:1)
  3 giant cockroaches
  4 goblins (D:1)
  4 hobgoblins
  7 jackals
  4 quokkas
  6 ball pythons
  4 bats
  3 frilled lizards (D:1)
  3 kobolds
  7 rats
52 creatures vanquished.

Notes
Turn   | Place    | Note
-------+----------+-------------------------------------------
     0 | D:1      | Pimp the Hill Orc Fighter began the quest for the Orb.
     0 | D:1      | Reached XP level 1. HP: 19/19 MP: 1/1
    31 | D:1      | Reached XP level 2. HP: 20/27 MP: 2/2
   269 | D:1      | Reached XP level 3. HP: 33/33 MP: 3/3
  1137 | D:2      | Reached XP level 4. HP: 37/40 MP: 4/4
  1633 | D:2      | You fall into a shaft and drop 2 floors!
  1645 | D:4      | Noticed Menkaure
  1645 | D:4      | Noticed Edmund
  1657 | D:4      | Gained mutation: Your magical capacity is low. (-10% MP)
                  | [potion of mutation]
  1657 | D:4      | Gained mutation: You possess an exceptional clarity of
                  | mind. [potion of mutation]
  1657 | D:4      | Gained mutation: You have a pair of small horns on your
                  | head. [potion of mutation]
  1658 | D:4      | Slain by Edmund

Illustrated notes

Levels and vault maps discovered:
D:1:      minmay_arrival_shattered_statue, layout_loops_ring, st_stairs_14,
          serial_bayou_crossing
D:2:      minmay_angry_zag, layout_basic, minmay_indecisive_spiral
D:4:      layout_cave_pools, fedhas_altar_3, lemuel_tele_altar, temple_green,
          serial_rivers, chequers_serial_rivers_micro_a,
          chequers_serial_rivers_micro_b, chequers_serial_rivers_small_3,
          chequers_serial_rivers_small_b, chequers_serial_rivers_small_b,
          chequers_serial_rivers_small_a, uniq_duvessa, uniq_sigmund,
          uniq_pikel, uniq_menkaure, uniq_edmund

Skill      XL: |  1  2  3  4 |
---------------+-------------+-----
Axes           | 3 |  3.6
Fighting       | 4 |  4.4
Armour         | 4 |  4.0
Shields        | 4 |  4.0

Action                     |  1- 3 |  4- 6 || total
---------------------------+-------+-------++-------
  Melee: War axe           |   116 |    39 ||   155
    Use: Potion            |       |     3 ||     3
 Armour: Scale mail        |    77 |       ||    77
         Chain mail        |     4 |    11 ||    15
  Dodge: Dodged            |    78 |    13 ||    91
  Block: Buckler           |    40 |    33 ||    73
